 Dungeon Crawl Stone Soup version 0.29-a0-286-g41199d4a87 (webtiles) character file.

Game seed: 7824231391629721160

59783 tilp the Warrior (level 14, -10/109 HPs)
             Began as a Felid Ice Elementalist on Mar 15, 2022.
             Was a High Priest of Vehumet.
             Shot with an arrow by a satyr (11 damage)
             ... on level 3 of the Shoals on Mar 16, 2022.
             The game lasted 01:36:26 (48080 turns).

tilp the Warrior (Felid Ice Elementalist)          Turns: 48080, Time: 01:36:26

Health: -10/109    AC: 38    Str:  4    XL:     14   Next: 54%
Magic:  18/37      EV:  4    Int: 23    God:    Vehumet [*****.]
Gold:   829        SH:  0    Dex: 26    Spells: 7/31 levels left
                                        Lives:  0   Deaths: 3

rFire   . . .      SeeInvis +     - Unarmed
rCold   + . .      Faith    +   (shield unavailable)
rNeg    + . .      Spirit   .   (body armour unavailable)
rPois   +          Reflect  .   (helmet unavailable)
rElec   +          Harm     .   (cloak unavailable)
rCorr   .          Rampage  .   (gloves unavailable)
Will    +....      NoTele   +   (boots unavailable)
Stlth   +++++.....              G - amulet "Fuucig" {Faith Contam +Blink rF+ rN+ Dex+4}
HPRegen 0.28/turn               h - ring "Oplu" {Ice Int+3}
MPRegen 0.25/turn               L - ring "Eceareso" {rElec MP+9 Dex+4}

@: ice-armoured, tree-form, weak-willed, afraid, freezing walls
A: stationary, stasis, torment immunity, boosted hp, very small, (claws 1),
(fangs 3), see invisible, (speed 1), (shaggy fur 3), (stealthy paws), no weapons
or thrown items, no armour, multi-lived
a: Renounce Religion, Evoke Blink


You were on level 3 of the Shoals.
You worshipped Vehumet.
Vehumet was extremely pleased with you.
You were a tree.
You visited 5 branches of the dungeon, and saw 27 of its levels.
You also visited: Sewer and Gauntlet.

You collected 2640 gold pieces.
You spent 1811 gold pieces at shops.

Inventory:

Jewellery
 c - an amulet of reflection
 h - the ring "Oplu" (left branch) {Ice Int+3}
   (You found it on level 3 of the Dungeon)

   [ring of ice]

   It enhances your ice magic.
   Int:       It affects your intelligence (+3).
   rF:        It makes you vulnerable to fire.
   rC:        It protects you from cold.
 q - a ring of wizardry
 r - a ring of magical power
 t - an amulet of regeneration
 v - a ring of wizardry
 C - a ring of fire
 G - the amulet "Fuucig" (around neck) {Faith Contam +Blink rF+ rN+ Dex+4}
   (You bought it in a shop on level 2 of the Orcish Mines)

   [amulet of faith]

   It allows you to gain divine favour quickly.
   Dex:       It affects your dexterity (+4).
   rF:        It protects you from fire.
   rN:        It protects you from negative energy.
   +Blink:    It lets you blink.
   Contam:    It causes magical contamination when unequipped.
 L - the ring "Eceareso" (right branch) {rElec MP+9 Dex+4}
   (You found it in a Gauntlet)

   [ring of magical power]

   Dex:       It affects your dexterity (+4).
   rElec:     It insulates you from electricity.
   MP:        It affects your magic capacity (+9).
 M - a +6 ring of dexterity
 N - a +6 ring of dexterity
 O - a ring of protection from cold
 R - an amulet of guardian spirit
Wands
 g - a wand of charming (2)
 n - a wand of flame (41)
 y - a wand of iceblast (10)
 z - a wand of mindburst (8)
 B - a wand of paralysis (14)
 E - a wand of acid (9)
Scrolls
 d - a scroll of fear
 l - 3 scrolls of magic mapping
 s - 2 scrolls of teleportation
 w - 10 scrolls of identify
 x - 3 scrolls of holy word
 A - a scroll of amnesia
 D - a scroll of fog
 F - 2 scrolls of immolation
 P - 2 scrolls of blinking
Potions
 a - a potion of berserk rage
 b - 3 potions of brilliance
 e - 7 potions of might
 i - 4 potions of haste
 j - a potion of cancellation
 m - 4 potions of flight
 o - 2 potions of attraction
 p - 3 potions of lignification
 u - 4 potions of curing
 H - 2 potions of resistance
 I - 2 potions of mutation
Miscellaneous
 f - a phial of floods
 k - a lightning rod (4/4)
 J - a phantom mirror
 K - a tin of tremorstones (inert)


   Skills:
 * Level 15.4 Fighting
 + Level 8.6 Dodging
 + Level 10.7 Stealth
 + Level 6.5 Unarmed Combat
 + Level 9.3 Spellcasting
 * Level 12.5 Conjurations
 - Level 6.0 Translocations
 * Level 12.4 Ice Magic
 * Level 3.3 Earth Magic
 + Level 8.5 Evocations


You had 7 spell levels left.
You knew the following spells:

 Your Spells              Type           Power      Damage    Failure   Level
a - Freeze                Ice            100%       1d11      1%          1
b - Frozen Ramparts       Ice            100%       1d12      1%          3
c - Ozocubu's Armour      Ice            80%        N/A       1%          3
d - Hailstorm             Conj/Ice       80%        3d16      1%          4
e - Iskenderun's Mystic   Conj/Tloc      52%        2d11      1%          4
f - Stone Arrow           Conj/Erth      94%        3d12      1%          3
g - Iron Shot             Conj/Erth      23%        9d5       10%         6

Your spell library contained the following spells:

 Spells                   Type           Power      Damage    Failure   Level
 Irradiate                Conj/Tmut      19%        3d20      3%          5
 Apportation              Tloc           76%        N/A       1%          1
 Foxfire                  Conj/Fire      100%       2x1d9     1%          1
 Sandblast                Erth           52%        2d12      1%          1
 Conjure Flame            Conj/Fire      39%        6-21      1%          3
 Dazzling Flash           Conj/Hex       78%        N/A       1%          3
 Flame Wave               Conj/Fire      39%        2d9       1%          4
 Passwall                 Tmut/Erth      15%        N/A       4%          2
 Ice Form                 Ice/Tmut       56%        N/A       4%          4
 Inner Flame              Hex/Fire       10%        N/A       5%          3
 Passage of Golubria      Tloc           38%        N/A       5%          4
 Animate Skeleton         Necr           20%        N/A       6%          1
 Summon Small Mammal      Summ           40%        N/A       6%          1
 Ozocubu's Refrigeration  Ice            40%        4d13      9%          7
 Olgreb's Toxic Radiance  Pois           10%        N/A       16%         4
 Starburst                Conj/Fire      19%        6d7       17%         6
 Spider Form              Tmut/Pois      10%        N/A       19%         3
 Petrify                  Tmut/Erth      18%        N/A       30%         4
 Animate Dead             Necr           5%         N/A       52%         4
 Simulacrum               Ice/Necr       28%        N/A       58%         6
 Borgnjor's Vile Clutch   Necr/Erth      9%         N/A       65%         5
 Alistair's Intoxication  Tmut/Pois      6%         N/A       86%         5
 Silence                  Hex/Air        5%         N/A       86%         5
 Eringya's Noxious Bog    Tmut/Pois      5%         N/A       90%         6
 Haunt                    Necr/Summ      5%         N/A       100%        7
 Lehudib's Crystal Spear  Conj/Erth      23%        10d7      97%         8
 Infestation              Necr           5%         N/A       100%        8
 Animate Armour           Summ/Erth      Unusable   N/A       N/A         4

Dungeon Overview and Level Annotations

Branches:
Dungeon (15/15)            Temple (1/1) D:4            Lair (6/6) D:10
 Shoals (3/4) Lair:4       Spider (0/4) Lair:2        Slime (0/5) Lair:5
    Orc (2/2) D:12            Elf (0/3) Orc:2        Vaults (0/5) D:14
  Sewer (visited)         Gauntlet (visited)
 Depths: D:15

Altars:
Ashenzari
Cheibriados
Dithmenos
Elyvilon
Fedhas
Gozag
Hepliaklqana
Kikubaaqudgha
Makhleb
Nemelex Xobeh
Okawaru
Qazlal
Ru
Sif Muna
Trog
Uskayaw
Vehumet
Wu Jian
Xom
Yredelemnul
Zin
The Shining One
Jiyva

Shops:
D:1 *   D:5 :   D:12 (   Orc:2 =*([*:   Shoals:1 *

Annotations:
D:12 3 runed translucent doors, conein's ghost, journeyman PaWr
D:15 Agnes; Louise
Lair:5 2 runed translucent doors, Ymidutt's ghost, journeyman GnFi
Shoals:1 Nikola
Shoals:2 3 runed translucent doors, Ajdolov's ghost, journeyman SpHu


Innate Abilities, Weirdness & Mutations

You are a tree.
Your roots penetrate the ground, keeping you stationary.
You cannot be teleported.
You are immune to unholy pain and torment.
Your maximum health is greatly increased.
((You have sharp claws.))
((You have razor-sharp teeth.))
You have supernaturally acute eyesight. (SInv)
((You cover ground quickly. (Speed+)))
((Your thick and shaggy fur keeps you warm. (AC +3, rC+)))
((Your paws help you pounce on unaware monsters.))
You are incapable of wielding weapons or throwing items.
You cannot wear armour.
You gain extra lives every three experience levels.


Message History

You feel strangely unstable.
The satyr shoots an arrow.
The arrow hits you!!
* * * LOW HITPOINT WARNING * * *
Unknown command.
Unknown command.
Really quaff the potion of lignification?
You turn into a tree.
Your roots penetrate the ground.
You feel strangely stable.
The satyr shoots an arrow.
The arrow hits you.
* * * LOW HITPOINT WARNING * * *
The satyr plays a lulling melody on his pipes!
You struggle to resist.
The faun shoots a sling bullet.
The sling bullet hits you but does no damage.
Unknown command.
Unknown command.
Okay, then.
The tremorstone explodes into fragments!
The tin is emptied!
You hear a shout!
The faun shoots a sling bullet.
The sling bullet hits you but does no damage.
A faun comes into view. It is wielding a +0 quarterstaff.
The satyr shoots an arrow.
The arrow hits you!
* * * LOW HITPOINT WARNING * * *
Unknown command.
Unknown command.
Unknown command.
Unknown command.
Unknown command.
Unknown command.
Unknown command.
Aiming: Iceblast
Press: ? - help, Shift-Dir - straight line, f/p - faun
Aim: a faun, wielding a +0 hunting sling (heavily wounded, strong)
The mass of ice explodes!
The iceblast engulfs the faun!!
The faun is almost dead.
The iceblast engulfs the satyr!!
The satyr is moderately wounded.
The faun shoots a sling bullet.
The sling bullet hits you but does no damage.
The satyr shoots an arrow.
The arrow hits you!
You die...

#..≈..≈≈≈≈≈≈≈≈≈≈≈≈≈≈≈ ≈≈≈
<..≈≈..≈≈≈≈≈≈≈≈≈≈≈≈≈P ≈P≈
..≈....≈≈≈≈≈≈≈≈≈≈P≈≈ ≈P≈
.......≈.≈c≈≈≈≈≈≈≈P≈ ≈≈≈
#.....≈≈≈)≈≈≈≈≈≈P≈ ≈≈P
#.....c≈≈≈≈≈≈≈P≈≈≈≈≈≈≈
.......###.))≈≈≈≈≈≈≈≈≈≈≈≈≈≈
≈cc.... ##....≈≈≈≈P≈≈≈≈.≈≈
≈.c.... #♣....≈.PPP≈≈≈.P≈≈
.≈..... #..#..≈≈≈≈≈..#..≈≈
≈≈≈.... ##.....≈≈≈...##.PP≈


cmc≈c.. #.....≈≈........PP≈ ≈≈≈≈.....cc≈≈≈≈.........≈≈≈ ...≈≈≈≈≈≈≈.......≈≈≈≈
≈..≈≈≈≈≈≈...###..≈≈≈≈ ≈≈≈≈≈≈≈≈≈....##..≈≈≈≈ ≈≈≈≈≈≈≈≈≈≈.......≈≈≈≈ You could see
2 satyrs and 2 fauns.

Vanquished Creatures
  An orc warlord (Orc:2)
  A minotaur (Gauntlet)
  6 hydras
  Fannar (Orc:1)
  A catoblepas (Lair:5)
  Harold (D:11)
  5 boulder beetles
  A vault guard (D:14)
  2 merfolk avatars
  A merfolk aquamancer (Shoals:2)
  A satyr (Shoals:3)
  3 two-headed ogres
  A death knight (D:12)
  6 centaur warriors
  A tengu warrior (D:15)
  2 orc high priests (Orc:2)
  2 sea snakes
  2 skeletal warriors (D:15)
  2 goliath frogs (Lair:6)
  An orb spider (Lair:2)
  A glowing orange brain (D:13)
  An orange crystal statue (Gauntlet)
  A lindwurm (shapeshifter) (D:13)
  Pikel (D:7)
  A deep elf pyromancer (D:14)
  8 harpies
  4 wolf spiders
  7 cyclopes
  4 orc knights
  6 orc sorcerers
  12 fauns
  9 manticores
  15 ugly things
  A moth of wrath (Gauntlet)
  Maurice (Orc:1)
  3 water nymphs
  5 merfolk sirens
  11 elephants
  A gargoyle (D:14)
  2 minotaur zombies (Gauntlet)
  7 black mambas
  18 cane toads
  Maggie (D:8)
  A kobold demonologist (D:12)
  3 rime drakes
  An unseen horror (D:13)
  2 freezing wraiths (D:15)
  A yaktaur (D:13)
  An efreet (D:11)
  11 komodo dragons
  A tengu conjurer (D:13)
  8 merfolk
  2 wind drakes
  9 trolls
  A hornet (shapeshifter) (D:14)
  2 tyrant leeches (Lair:6)
  2 polar bears
  7 slime creatures
  8 dream sheep
  A hornet (Lair:2)
  34 blink frogs
  7 snapping turtles
  A centaur simulacrum (D:12)
  3 water elementals
  7 wyverns
  A fire elemental (Lair:1)
  4 wraiths
  2 steam dragons
  48 yaks
  8 basilisks
  24 vampire mosquitoes
  3 acid dragons
  10 water moccasins
  Duvessa (D:7)
  A sky beast (D:3)
  24 orc warriors
  2 black bears
  4 ice beasts
  11 ogres
  38 wolves
  18 centaurs
  5 kobold brigands
  25 bullfrogs
  4 gnoll sergeants
  3 scorpions
  7 wights
  Dowan (D:7)
  8 killer bees
  6 howler monkeys
  4 electric eels
  13 orc priests
  5 hounds
  2 jellies
  30 orc wizards
  2 iguanas
  11 gnolls
  18 adders
  A shadow imp (D:7)
  A white imp (D:6)
  An ufetubus (D:6)
  7 worms
  77 orcs
  6 bats
  7 endoplasms
  7 giant cockroaches
  3 goblins (D:1)
  6 hobgoblins
  2 quokkas
  12 ball pythons
  4 frilled lizards
  13 kobolds
  9 rats
  A bush (Lair:6)
774 creatures vanquished.

Vanquished Creatures (collateral kills)
  A catoblepas (Lair:2)
1 creature vanquished.

Vanquished Creatures (others)
  An orc wizard (D:5)
  2 gnolls (D:6)
  2 orcs (D:5)
  A demonic plant (Gauntlet)
  87 fungi
  245 plants
338 creatures vanquished.

Grand Total: 1113 creatures vanquished

Notes
Turn   | Place    | Note
-------+----------+-------------------------------------------
     0 | D:1      | tilp the Felid Ice Elementalist began the quest for the
                  | Orb.
     0 | D:1      | Reached XP level 1. HP: 7/7 MP: 4/4
     8 | D:1      | Found a faded altar of an unknown god.
   136 | D:1      | Found Veehysm's General Store.
   416 | D:1      | Reached XP level 2. HP: 12/12 MP: 4/6
  1326 | D:2      | Noticed a scorpion
  1340 | D:2      | Reached skill level 1 in Fighting
  1612 | D:2      | Reached XP level 3. HP: 11/15 MP: 5/7
  1631 | D:2      | Learned a level 3 spell: Frozen Ramparts
  1944 | D:2      | Killed a scorpion
  1945 | D:2      | Reached XP level 4. HP: 19/19 MP: 2/9
  2036 | D:2      | Learned a level 3 spell: Ozocubu's Armour
  2697 | D:3      | Reached skill level 2 in Fighting
  3326 | D:3      | Identified the ring "Oplu" {Ice Int+3}
  3414 | D:3      | Noticed a sky beast
  3421 | D:3      | Killed a sky beast
  3422 | D:3      | Reached skill level 5 in Ice Magic
  3422 | D:3      | Reached XP level 5. HP: 22/22 MP: 0/10
  3711 | D:3      | Gained mutation: You are covered in thick fur. (AC +2)
                  | [Felid growth]
  3711 | D:3      | Reached XP level 6. HP: 26/26 MP: 2/11
  3716 | D:3      | Learned a level 4 spell: Hailstorm
  3918 | D:4      | Found a staircase to the Ecumenical Temple.
  3927 | Temple   | Entered the Ecumenical Temple
  4164 | D:4      | Reached skill level 1 in Unarmed Combat
  4197 | D:4      | Found a glowing drain.
  4283 | Sewer    | Entered a sewer
  4360 | Sewer    | Reached skill level 3 in Fighting
  4499 | Sewer    | Reached XP level 7. HP: 31/31 MP: 7/12
  5448 | D:4      | Reached skill level 4 in Fighting
  5626 | D:4      | Found an iron altar of Okawaru.
  5719 | D:5      | Entered Level 5 of the Dungeon
  5734 | D:5      | Reached skill level 5 in Stealth
  5866 | D:5      | Found a radiant altar of Vehumet.
  5879 | D:5      | Became a worshipper of Vehumet
  6025 | D:5      | Found Jiabriga's Book Shop.
  6030 | D:5      | Reached skill level 1 in Conjurations
  6057 | D:5      | Reached skill level 1 in Evocations
  6057 | D:5      | Reached XP level 8. HP: 36/36 MP: 4/13
  6582 | D:5      | Reached * piety under Vehumet
  6582 | D:5      | Offered knowledge of Sandblast by Vehumet.
  7718 | D:6      | Found a shadowy altar of Dithmenos.
  7750 | D:6      | Found a hide-covered altar of Uskayaw.
  8716 | D:7      | Reached skill level 5 in Fighting
  8801 | D:7      | Reached XP level 9. HP: 23/40 MP: 7/16
  9505 | D:7      | Noticed Duvessa
  9523 | D:7      | Killed Duvessa
  9575 | D:7      | Noticed Dowan
  9582 | D:7      | Killed Dowan
  9755 | D:7      | Offered knowledge of Magic Dart by Vehumet.
  9762 | D:7      | Reached ** piety under Vehumet
  9792 | D:7      | Found a basalt altar of Yredelemnul.
  9997 | D:7      | Noticed Pikel
 10001 | D:7      | Killed Pikel
 10002 | D:7      | Reached skill level 5 in Conjurations
 10521 | D:8      | Reached skill level 6 in Fighting
 10588 | D:8      | Reached skill level 5 in Spellcasting
 10633 | D:8      | Noticed Maggie
 11085 | D:8      | Reached XP level 10. HP: 45/45 MP: 13/18
 11466 | D:8      | Killed Maggie
 11834 | D:9      | Offered knowledge of Static Discharge by Vehumet.
 12242 | D:9      | Reached *** piety under Vehumet
 12244 | D:9      | Reached skill level 5 in Dodging
 12484 | D:9      | Offered knowledge of Iskenderun's Mystic Blast by Vehumet.
 12490 | D:9      | Learned a level 4 spell: Iskenderun's Mystic Blast
 13000 | D:10     | Entered Level 10 of the Dungeon
 13075 | D:10     | Found a staircase to the Lair.
 13096 | D:10     | Reached skill level 7 in Fighting
 13133 | D:10     | Reached XP level 11. HP: 50/50 MP: 15/19
 13620 | D:10     | Reached skill level 8 in Fighting
 13919 | D:11     | Reached skill level 1 in Translocations
 13923 | D:11     | Noticed Harold
 14337 | D:11     | Reached **** piety under Vehumet
 14823 | D:11     | Noticed a boulder beetle
 15221 | D:11     | Offered knowledge of Lightning Bolt by Vehumet.
 15221 | D:11     | Slain by a vampire mosquito
 15222 | D:11     | Reached XP level 10. HP: 0/48 MP: 13/28
 15471 | D:11     | Killed Harold
 15704 | Lair:1   | Entered Level 1 of the Lair of Beasts
 15978 | Lair:1   | Reached XP level 11. HP: 52/52 MP: 18/20
 16756 | Lair:2   | Noticed a catoblepas
 17121 | Lair:2   | Noticed a boulder beetle
 17413 | Lair:2   | Found a hole to the Spider Nest.
 17413 | Lair:2   | Noticed an orb spider
 17770 | Lair:2   | Reached skill level 9 in Fighting
 18478 | Lair:2   | Killed a catoblepas
 18973 | Lair:3   | Reached skill level 10 in Conjurations
 18973 | Lair:3   | Reached skill level 10 in Ice Magic
 19552 | Lair:3   | Reached ***** piety under Vehumet
 19553 | Lair:3   | Offered knowledge of Iskenderun's Battlesphere by Vehumet.
 19554 | Lair:3   | Gained mutation: Your thick and shaggy fur keeps you warm.
                  | (AC +3, rC+) [Felid growth]
 19554 | Lair:3   | Reached XP level 12. HP: 58/58 MP: 23/23
 19646 | Lair:3   | Reached skill level 10 in Fighting
 20136 | Lair:4   | Reached skill level 5 in Evocations
 21096 | Lair:4   | Found a staircase to the Shoals.
 22151 | Lair:5   | Found a large runed translucent door.
 22159 | Lair:5   | Reached skill level 5 in Unarmed Combat
 22687 | Lair:5   | Got the Guide on the Mountains
 22913 | Lair:5   | Reached skill level 11 in Fighting
 23052 | Lair:5   | Found a large runed translucent door.
 23336 | Lair:5   | Found a staircase to the Slime Pits.
 23336 | Lair:5   | Noticed a catoblepas
 23354 | Lair:5   | Killed a catoblepas
 23355 | Lair:5   | Reached XP level 13. HP: 20/63 MP: 24/24
 23708 | Lair:5   | Noticed Ymidutt's ghost (journeyman GnFi)
 25399 | D:12     | Found a runed translucent gate.
 25399 | D:12     | Found a runed translucent gate.
 25401 | D:12     | Found a runed translucent gate.
 25401 | D:12     | Noticed an azure jelly
 25402 | D:12     | Noticed an acid blob
 25407 | D:12     | Noticed conein's ghost (journeyman PaWr)
 25416 | D:12     | Noticed an azure jelly
 25417 | D:12     | Noticed an azure jelly
 25418 | D:12     | Noticed an azure jelly
 25484 | D:12     | Found a staircase to the Orcish Mines.
 25492 | D:12     | Reached skill level 10 in Stealth
 25908 | D:12     | Found Wenk's Weapon Boutique.
 26222 | D:12     | Found a viscous altar of Jiyva.
 26247 | Orc:1    | Entered Level 1 of the Orcish Mines
 26247 | Orc:1    | Noticed Fannar
 26260 | Orc:1    | Killed Fannar
 26774 | Orc:1    | Noticed Maurice
 26783 | Orc:1    | Killed Maurice
 26837 | Orc:2    | Entered Level 2 of the Orcish Mines
 26838 | Orc:2    | Upgraded the game from 0.29-a0-284-gf9362112df to
                  | 0.29-a0-286-g41199d4a87
 26908 | Orc:2    | Reached skill level 12 in Fighting
 26912 | Orc:2    | Found Newk's Book Shoppe.
 27339 | Orc:2    | Found Vucaus's General Store.
 27433 | Orc:2    | Found a staircase to the Elven Halls.
 27438 | Orc:2    | Found Cypowae's Antique Weapon Boutique.
 27516 | Orc:2    | Noticed an orc warlord
 27777 | Lair:6   | Entered Level 6 of the Lair of Beasts
 28183 | Lair:6   | Offered knowledge of Conjure Ball Lightning by Vehumet.
 28609 | Lair:6   | Reached skill level 5 in Translocations
 29943 | Lair:6   | Reached XP level 14. HP: 69/69 MP: 13/26
 31111 | Lair:6   | Offered knowledge of Ozocubu's Refrigeration by Vehumet.
 31785 | D:12     | Reached skill level 13 in Fighting
 33610 | D:12     | Found Wenk's Weapon Boutique.
 33675 | D:12     | Found a staircase to the Orcish Mines.
 34462 | Orc:2    | Found Hakkeok's Jewellery Boutique.
 35057 | Orc:2    | Killed an orc warlord
 35365 | Orc:2    | Found Qipn's Antique Armour Shoppe.
 35643 | Orc:2    | Found Vucaus's Mass Market.
 35826 | Orc:2    | Bought a book of Armaments for 396 gold pieces
 35830 | Orc:2    | Learned a level 3 spell: Stone Arrow
 35878 | Orc:2    | Bought the amulet "Fuucig" {Faith Contam +Blink rF+ rN+
                  | Dex+4} for 748 gold pieces
 35906 | Orc:2    | Bought a potion of resistance for 130 gold pieces
 36187 | D:1      | Bought a potion of mutation for 96 gold pieces
 36873 | D:13     | Found a gate leading to a gauntlet.
 37056 | Gauntlet | Entered a Gauntlet
 37056 | Gauntlet | Found a transporter.
 37144 | Gauntlet | Found a transporter.
 37159 | Gauntlet | Found a transporter.
 37163 | Gauntlet | Found the necklace of Bloodlust {*Rage Will++ Int-3 Slay+6}
 37164 | Gauntlet | Found a transporter.
 37179 | Gauntlet | Found a transporter.
 37198 | Gauntlet | Found a transporter.
 37210 | Gauntlet | Found a transporter.
 37216 | Gauntlet | Found a transporter.
 37231 | Gauntlet | Found a transporter.
 37243 | Gauntlet | Found a transporter.
 37255 | Gauntlet | Found a transporter.
 37274 | Gauntlet | Found a transporter.
 37289 | Gauntlet | Found a transporter.
 37291 | Gauntlet | Found a transporter.
 37316 | Gauntlet | Found a transporter.
 37318 | Gauntlet | Found a transporter.
 37338 | Gauntlet | Found a transporter.
 37452 | Gauntlet | Found a transporter.
 37712 | Gauntlet | Killed from afar by a gargoyle
 37713 | Gauntlet | Reached XP level 13. HP: -4/67 MP: 35/35
 37791 | Gauntlet | Identified the +0 cloak of Cowardice {Slay+3}
 37903 | Gauntlet | Identified the ring "Eceareso" {rElec MP+9 Dex+4}
 37995 | Gauntlet | Identified the +5 hand crossbow "tilp's Doom" {penet, rPois
                  | rC+}
 37995 | Gauntlet | Noticed a minotaur
 38007 | Gauntlet | Killed a minotaur
 38008 | Gauntlet | Reached XP level 14. HP: 40/71 MP: 1/27
 38009 | Gauntlet | Got Seoript's Volume of Earthen Poison
 38831 | D:13     | Reached skill level 14 in Fighting
 39255 | D:14     | Offered knowledge of Iron Shot by Vehumet.
 40049 | D:14     | Found a gate to the Vaults.
 40387 | D:14     | Found a broken altar of Ashenzari.
 40825 | D:15     | Entered Level 15 of the Dungeon
 40853 | D:15     | Learned a level 6 spell: Iron Shot
 40948 | D:15     | Noticed Agnes
 41108 | D:15     | Reached skill level 15 in Fighting
 41568 | D:15     | Reached skill level 1 in Earth Magic
 41849 | D:15     | Noticed Louise
 42231 | D:15     | Identified the +5 hand axe "Roczahubb" {spect, rC+ rCorr}
 42689 | Lair:2   | HP: 1/73 [disintegration (72)]
 43431 | Shoals:1 | Entered Level 1 of the Shoals
 43436 | Shoals:1 | Reached ****** piety under Vehumet
 43759 | Shoals:1 | Offered knowledge of Irradiate by Vehumet.
 44023 | Shoals:1 | Killed from afar by a manticore
 44024 | Shoals:1 | Reached XP level 13. HP: -2/69 MP: 12/36
 44047 | Shoals:1 | Noticed Nikola
 44570 | Shoals:1 | Found Ixkorumi's Island Escapes.
 44744 | Shoals:1 | Bought a scroll of fog for 36 gold pieces
 44744 | Shoals:1 | Bought a scroll of blinking for 135 gold pieces
 44744 | Shoals:1 | Bought a scroll of blinking for 135 gold pieces
 44744 | Shoals:1 | Bought a scroll of blinking for 135 gold pieces
 44876 | Shoals:2 | Reached XP level 14. HP: 73/73 MP: 28/28
 45982 | Shoals:2 | Found a runed translucent gate.
 45982 | Shoals:2 | Found a runed translucent gate.
 45982 | Shoals:2 | Found a runed translucent gate.
 45984 | Shoals:2 | Noticed Ajdolov's ghost (journeyman SpHu)
 47076 | Shoals:3 | HP: 1/73 [faun/sling bullet (12)]
 48079 | Shoals:3 | HP: 1/109 [satyr/arrow (13)]
 48080 | Shoals:3 | Shot with an arrow by a satyr

Illustrated notes

Levels and vault maps discovered:
D:1:      dpeg_arrival_rooms_with_view, layout_loops_corners, serial_shops,
          nicolae_shop_stone, hellmonk_ecumenical_altar_pennies_from_heaven,
          minivault_23
D:2:      layout_rooms
D:3:      layout_loops_cross, hangedman_abyss_or_decor_lesser_grid
D:4:      layout_rooms, mainiacjoe_overflow_brackets,
          minmay_temple_entry_butterflies, portal_sewer_entry_e
D:5:      layout_loops_ring, fiery_altar_vehumet, serial_shops,
          nicolae_shop_statue_plus, minmay_a_box_with_orc_wizards_in_it
D:6:      layout_basic, mainiacjoe_overflow_two_lobes
D:7:      layout_basic, kennysheep_mini_moat, hangedman_decor_riveting,
          uniq_duvessa, uniq_pikel
D:8:      layout_cave_pools, lightli_orcish_oven, uniq_maggie
D:9:      layout_irregular_city
D:10:     layout_roguey, erik_lair_island
D:11:     layout_loops_ring, serial_co_window_serial, co_window_paths_b,
          co_window_paths_a, co_window_corner_a, co_window_paths_a,
          co_window_paths_a, co_window_paths_a, co_window_of_opportunity_a,
          co_window_paths_c, co_window_corner_b, co_window_corner_ca,
          glass_columns_b, glass_columns_b, glass_columns_a,
          nrook_pool_corridor, kennysheep_generic_room_3, uniq_harold
D:12:     minmay_bloctagon, layout_long_grid,
          kennysheep_orc_monster_closet_entryway, gammafunk_ghost_ooze,
          serial_shops, nicolae_shop_trees
D:13:     minmay_ambush_box, layout_basic, gauntlet_entry_generic
D:14:     layout_gridville, david_vaults_5, nicolae_ashenzari_panopticon
D:15:     grunt_enter_depths_magical_seal, layout_layer_cave,
          nicolae_two_hexagons, uniq_louise, uniq_agnes
Temple:   minmay_crystal_spiral_temple
Lair:1:   layout_gridlike, nicolae_lair_lil_pond
Lair:2:   layout_long_grid, nicolae_spider_entry_orb_guardian,
          serial_bayou_shore_a, serial_bayou_shore_b, lemuel_fruit_tree
Lair:3:   layout_roguey
Lair:4:   minmay_lair_venomous_thicket, layout_layer_cave,
          minmay_shoals_entry_centaurs, grunt_megastairs_4
Lair:5:   layout_gridlike, dpeg_slime_entry_corner, ebering_ghost_disaster_area,
          serial_bayou_shore_b
Lair:6:   minmay_lair_end_frog_pond, layout_small_grid
Shoals:1: layout_shoals, nicolae_island_escapes, uniq_nikola
Shoals:2: layout_shoals, gammafunk_ghost_tricky_traps, uniq_aizul
Shoals:3: layout_shoals
Orc:1:    layout_caves, uniq_maurice, uniq_fannar
Orc:2:    grunt_orc_gardens, layout_diamond_mine, grunt_orc_garden,
          grunt_orc_garden, grunt_orc_garden, grunt_orc_garden, serial_shops,
          shop, minmay_shop_mass, nicolae_orc_damp_corner,
          nicolae_orc_sculptors_studio, nicolae_orc_tapped_out

Skill      XL: |  1  2  3  4  5  6  7  8  9 10 11 12 13 14 |
---------------+-------------------------------------------+-----
Ice Magic      | 4 5 6 7 9 10 12 | 12.4
Fighting       | 1 2 3 4 5 6 7 9 11 12 15 | 15.4
Spellcasting   | 3 4 5 7 9 |  9.3
Stealth        | 3 6 8 9 10 | 10.7
Dodging        | 3 4 6 7 8 |  8.6
Unarmed Combat | 1 2 4 5 6 |  6.5
Conjurations   | 1 4 6 8 10 12 | 12.5
Evocations     | 1 3 4 6 8 |  8.5
Translocations | 4 3 5 6 |  6.0
Earth Magic    | 2 3 |  3.3

Action                   |  1- 3 |  4- 6 |  7- 9 | 10-12 | 13-15 || total
-------------------------+-------+-------+-------+-------+-------++-------
Melee: Unarmed           |    11 |    17 |    87 |    80 |    57 ||   252
       Bite              |       |       |    12 |    10 |    11 ||    33
       Punch             |       |       |     1 |     3 |     4 ||     8
 Cast: Freeze            |    38 |    49 |    68 |    73 |    20 ||   248
       Frozen Ramparts   |     2 |    15 |    52 |    70 |   100 ||   239
       Ozocubu's Armour  |       |     4 |    30 |    48 |   106 ||   188
       Hailstorm         |       |       |    15 |   122 |   273 ||   410
       Iskenderun's Myst |       |       |       |    50 |   180 ||   230
       Stone Arrow       |       |       |       |       |   246 ||   246
       Iron Shot         |       |       |       |       |     3 ||     3
Evoke: Wand              |       |       |     2 |     8 |    22 ||    32
       Tin of tremorston |       |       |       |       |     2 ||     2
       Phial of floods   |       |       |       |       |     1 ||     1
       Phantom mirror    |       |       |       |       |     1 ||     1
  Use: Scroll            |     2 |     5 |    14 |     7 |     7 ||    35
       Potion            |       |       |       |     2 |     8 ||    10
 Stab: Sleeping          |     5 |     7 |    10 |    18 |    21 ||    61
       Paralysed         |       |       |       |       |     2 ||     2
Armor: Skin              |     5 |     2 |    23 |    23 |    28 ||    81
Dodge: Dodged            |    29 |    33 |    76 |   150 |   332 ||   620
Block: Other             |       |     6 |    27 |    49 |    27 ||   109
       Reflection        |       |     1 |       |     5 |     1 ||     7

Table legend: (Time is in decaauts)
 A = Elapsed time spent in this place.
 B = Non-inter-level travel time spent in this place.
 C = Inter-level travel time spent in this place.
 D = Time resting spent in this place.
 E = Time spent auto-exploring this place.
 F = Levels seen in this place.
 G = Mean time per level.
                   A        B        C        D        E       F      G
               +--------+--------+--------+--------+--------+-----+--------+
         Total |  44092 |  41143 |   2949 |  12981 |  21395 |  29 | 1520.4 |
       Dungeon |  21917 |  20222 |   1695 |   4077 |  13424 |  15 | 1461.1 |
        Temple |    136 |     68 |     68 |      0 |      0 |   1 |  136.0 |
          Lair |  12012 |  11322 |    690 |   4582 |   4871 |   6 | 2002.0 |
        Shoals |   4518 |   4333 |    185 |   2378 |   1148 |   3 | 1506.0 |
  Orcish Mines |   3105 |   2795 |    310 |   1378 |    687 |   2 | 1552.5 |
         Sewer |   1166 |   1166 |      0 |      0 |    979 |   1 | 1166.0 |
      Gauntlet |   1235 |   1235 |      0 |    564 |    284 |   1 | 1235.0 |
               +--------+--------+--------+--------+--------+-----+--------+

Top non-repeatable levels by time:
    D:12: 3446 daAuts
  Lair:5: 2648 daAuts
  Lair:6: 2570 daAuts
    D:11: 2453 daAuts
  Lair:2: 2421 daAuts
    D:14: 2094 daAuts
   Orc:2: 2080 daAuts
  Lair:4: 2048 daAuts
Shoals:2: 2010 daAuts
     D:7: 1771 daAuts
     D:6: 1634 daAuts
     D:3: 1610 daAuts
     D:5: 1341 daAuts
Shoals:1: 1322 daAuts
Gauntlet: 1235 daAuts
